Penguins vs Canadiens

Created - 13 février 2017 at 19:50

Goals
1 2 3 T
Penguins 1 2 3 6
Canadiens 1 1 1 3
Shots
1 2 3 T
Penguins 5 13 14 32
Canadiens 4 11 21 36

1st period

1. Canadiens , Greg Stewart 13 (Dustin Boyd, Ladislav Smid) at 10:25
2. Penguins , Dustin Penner 10 (Bobby Ryan) at 17:29 (SH)

Penalties :
Nikita Alexeev (Pit) for Tripping (Minor) at 2:16, Nikita Alexeev (Pit) for Slashing (Minor) at 15:37

2nd period

3. Penguins , Steven Stamkos 30 (Max Pacioretty, Bobby Ryan) at 4:20 (PP)
4. Penguins , Steven Stamkos 31 (Sean Zimmerman, Max Pacioretty) at 4:44
5. Canadiens , Dustin Boyd 7 (Greg Stewart, Dan Boyle) at 5:21

Penalties :
Ladislav Smid (Mon) for Interference (Minor) at 4:00, Dan Boyle (Mon) for Interference (Minor) at 6:01, Dustin Boyd (Mon) for Tripping (Minor) at 18:11

3rd period

6. Canadiens , Evgeny Dadonov 10 (Patrick Sharp, Martin Hanzal) at 14:17
7. Penguins , Brayden Schenn 5 (Steve Sullivan, Paul Ranger) at 17:20
8. Penguins , Bobby Ryan 23 (Steven Stamkos) at 17:46 (PP)
9. Penguins , Max Pacioretty 13 (Luke Schenn, Duncan Keith) at 18:40

Penalties :
Dan Boyle (Mon) for High sticking (Minor) at 7:18, Paul Ranger (Pit) for Boarding (Minor) at 11:10, Dan Boyle (Mon) for Diving (Minor) at 17:23

Goalie Stats

Brian Elliott (Pit), 33 saves from 36 shots - (0,917), W, 28-7-1, 60:00 minutes
Jonathan Bernier (Mon), 26 saves from 32 shots - (0,813), L, 17-15-6, 60:00 minutes

Players Stats for Penguins

Player Name              G  A  P  +/- PIM S  H  SB GA TA FO     MP     PP MP  PK MP  
------------------------------------------------------------------------------------
Bobby Ryan               1  2  3   2  0   3  2  1  0  2  1/2    21:17   3:52   1:44 
Brayden Schenn           1  0  1   0  0   1  1  0  0  0  3/7    10:18   0:00   2:57 
Brian McGrattan          0  0  0  -1  0   0  0  0  0  0  0/0    11:01   0:04   0:00 
Derek Joslin             0  0  0   0  0   0  0  3  0  1  0/0    12:54   0:00   0:00 
Dion Phaneuf             0  0  0  -1  0   0  1  1  1  1  0/0    27:53   4:28   3:16 
Duncan Keith             0  1  1   2  0   1  1  0  1  1  0/0    19:13   2:12   2:41 
Dustin Penner            1  0  1   0  0   3  0  0  0  0  0/0    12:09   0:04   1:08 
Josef Vasicek            0  0  0  -1  0   0  1  1  0  0  0/4    12:41   0:00   1:44 
Luke Schenn              0  1  1   2  0   4  3  1  2  0  0/0    19:13   2:12   2:41 
Max Pacioretty           1  2  3   2  0   5  3  1  0  0  4/4    19:30   3:52   0:00 
Nathan Horton            0  0  0  -1  0   0  0  0  1  0  0/0    19:47   2:44   3:05 
Nikita Alexeev           0  0  0   0  4   1  0  0  1  0  0/0     7:22   0:00   0:00 
Paul Ranger              0  1  1   0  2   0  0  0  0  0  0/0    13:02   0:00   0:00 
Sam Gagner               0  0  0   0  0   3  4  0  1  0  1/9    17:24   2:44   1:16 
Sean Zimmerman           0  1  1  -1  0   2  2  0  0  1  0/0    27:53   4:28   3:16 
Simon Gagné              0  0  0  -1  0   1  1  0  0  0  0/0    15:59   2:44   0:00 
Steve Sullivan           0  1  1   0  0   0  0  0  1  0  0/0     6:47   0:00   0:00 
Steven Stamkos           2  1  3   2  0   8  2  0  1  0  16/34  19:37   3:56   0:00 

Players Stats for Canadiens

Player Name              G  A  P  +/- PIM S  H  SB GA TA FO     MP     PP MP  PK MP  
------------------------------------------------------------------------------------
Andrei Loktionov         0  0  0  -1  0   1  3  0  0  1  0/4    13:09   0:00   0:00 
Brandon Burlon           0  0  0   0  0   0  0  0  0  0  0/0     5:13   0:00   1:13 
Brett Maclean            0  0  0  -1  0   1  4  0  0  0  0/0    13:09   0:00   0:00 
Dan Boyle                0  1  1  -3  6   2  2  0  2  0  0/0    23:22   3:08   1:07 
Dennis Wideman           0  0  0  -3  0   0  1  1  0  2  0/0    27:34   3:08   4:00 
Devin Setoguchi          0  0  0  -2  0   1  0  3  1  0  1/2    18:20   3:17   1:19 
Dustin Boyd              1  1  2   1  2   5  2  0  1  0  8/10   18:13   2:40   0:24 
Evgeny Dadonov           1  0  1   1  0   4  2  0  0  0  0/0     8:12   0:00   1:22 
Greg Stewart             1  1  2   1  0   3  1  0  0  0  0/0    19:51   2:40   2:24 
Jiri Fischer             0  0  0   0  0   2  0  1  0  0  0/0    10:32   0:00   0:16 
Jiri Tlusty              0  0  0  -1  0   2  1  1  0  0  0/0    12:50   0:00   0:00 
Jonas Hoglund            0  0  0   1  0   0  3  0  0  2  0/0    17:13   2:40   0:00 
Ladislav Smid            0  1  1   2  2   0  0  0  0  0  0/0    21:10   2:49   2:24 
Marc Savard              0  0  0  -2  0   3  1  2  1  0  17/30  20:52   3:17   3:56 
Martin Hanzal            0  1  1   1  0   2  0  0  0  0  5/6     5:55   0:00   0:00 
Matt Carle               0  0  0   0  0   1  1  0  0  2  0/0    11:20   0:00   1:56 
Patrick Sharp            0  1  1  -1  0   8  1  1  0  2  4/8    25:09   3:17   3:55 
Wade Redden              0  0  0   2  0   1  1  0  1  0  0/0    21:11   2:49   2:24 

3 Stars

1 - Steven Stamkos (Pit)
2 - Max Pacioretty (Pit)
3 - Bobby Ryan (Pit)

Power Play

Penguins - 2 on 5 Attempt(s) - 40,00%
Canadiens - 0 on 3 Attempt(s) - 0,00%

Penalty Kill

Penguins - 3 on 3 Attempt(s) - 100,00% - Score 1 goal in Penalty Kill
Canadiens - 3 on 5 Attempt(s) - 60,00% - Score 0 goal in Penalty Kill

Team Stat

Penguins - Hits : 21 - Faceoff Wins : 25 - Blocked Shots : 8 - Penalty Minutes : 6
Canadiens - Hits : 23 - Faceoff Wins : 35 - Blocked Shots : 9 - Penalty Minutes : 10

Official

Referees : Charron Francis and McCauley Wes
Linesman : Jonny Murray and Scott Driscoll

Game Notes

No Game Note

Finance

Level 1 -- Attendance: 5475 (91,25%) -- Ticket Income 470 850 $
Level 2 -- Attendance: 5000 (100,00%) -- Ticket Income 250 000 $
Level 3 -- Attendance: 2000 (100,00%) -- Ticket Income 62 000 $
Level 4 -- Attendance: 3292 (82,30%) -- Ticket Income 72 424 $
Luxury Box -- Attendance: 843 (84,30%) -- Ticket Income 139 095 $
Game was played at the Centre Bell.
Total Attendance: 16610 (92,28%)
Total Ticket Income: 994 369 $
Other Income: 149 155 $
Total Income: 1 143 524 $

Penguins

5 vs 5 Forward 
   Center                   Left Wing                Right Wing               Time % Phy DF OF 
 1 Steven Stamkos           Max Pacioretty           Bobby Ryan               40     0   2  3  
 2 Sam Gagner               Simon Gagné              Nathan Horton            30     0   2  3  
 3 Josef Vasicek            Dustin Penner            Brian McGrattan          20     0   2  3  
 4 Brayden Schenn           Steve Sullivan           Nikita Alexeev           10     0   2  3  

5 vs 5 Defense 
   Defense                  Defense                                           Time % Phy DF OF 
 1 Sean Zimmerman           Dion Phaneuf                                      45     1   2  2  
 2 Luke Schenn              Duncan Keith                                      33     1   2  2  
 3 Paul Ranger              Derek Joslin                                      22     1   2  2  
 4 Luke Schenn              Dion Phaneuf                                      0      1   2  2  

PowerPlay Forward 
   Center                   Left Wing                Right Wing               Time % Phy DF OF 
 1 Steven Stamkos           Max Pacioretty           Bobby Ryan               60     0   1  4  
 2 Sam Gagner               Simon Gagné              Nathan Horton            40     0   1  4  

PowerPlay Defense
   Defense                  Defense                                           Time % Phy DF OF 
 1 Sean Zimmerman           Dion Phaneuf                                      60     0   2  3  
 2 Luke Schenn              Duncan Keith                                      40     0   2  3  

Penalty Kill 4 Players Forward 
   Center                   Wing                     Time % Phy DF OF 
 1 Brayden Schenn           Nathan Horton            60     0   4  1  
 2 Josef Vasicek            Bobby Ryan               40     0   4  1  

Penalty Kill 4 Players Defense
   Defense                  Defense                  Time % Phy DF OF 
 1 Sean Zimmerman           Dion Phaneuf             60     1   4  0  
 2 Luke Schenn              Duncan Keith             40     1   4  0  

Penalty Kill - 3 Players Forward 
   Forward                                           Time % Phy DF OF 
 1 Nathan Horton                                     60     0   4  1  
 2 Bobby Ryan                                        40     0   4  1  

Penalty Kill - 3 Players Defense
   Defense                  Defense                  Time % Phy DF OF 
 1 Sean Zimmerman           Dion Phaneuf             60     1   4  0  
 2 Luke Schenn              Duncan Keith             40     1   4  0  

4 vs 4 Forward 
   Center                   Wing                     Time % Phy DF OF 
 1 Steven Stamkos           Bobby Ryan               60     0   2  3  
 2 Sam Gagner               Nathan Horton            40     0   2  3  

4 vs 4 Defense
   Defense                  Defense                  Time % Phy DF OF 
 1 Sean Zimmerman           Dion Phaneuf             60     1   2  2  
 2 Luke Schenn              Duncan Keith             40     1   2  2  

Last Minutes Offensive
   Center                   Left Wing                Right Wing               Defense                  Defense                  
   Steven Stamkos           Max Pacioretty           Bobby Ryan               Sean Zimmerman           Dion Phaneuf             

Last Minutes Defensive
   Center                   Left Wing                Right Wing               Defense                  Defense                  
   Brayden Schenn           Simon Gagné              Nathan Horton            Sean Zimmerman           Dion Phaneuf             

Goaltenders
Starting : Brian Elliott            
Backup : Josh Tordjman            

Extra Forwards
Normal : Steven Stamkos, Sam Gagner, Josef Vasicek - PP : Steven Stamkos, Sam Gagner - PK : Nathan Horton
Extra Defensemen
Normal : Dion Phaneuf, Duncan Keith, Paul Ranger - PP : Paul Ranger - PK : Sean Zimmerman, Luke Schenn
Penalty Shots
Max Pacioretty, Bobby Ryan, Nathan Horton, Steven Stamkos, Simon Gagné

Canadiens

5 vs 5 Forward 
   Center                   Left Wing                Right Wing               Time % Phy DF OF 
 1 Marc Savard              Patrick Sharp            Devin Setoguchi          40     1   2  2  
 2 Dustin Boyd              Greg Stewart             Jonas Hoglund            30     1   2  2  
 3 Andrei Loktionov         Brett Maclean            Jiri Tlusty              20     1   2  2  
 4 Martin Hanzal            Evgeny Dadonov           Patrick Sharp            10     1   2  2  

5 vs 5 Defense 
   Defense                  Defense                                           Time % Phy DF OF 
 1 Dennis Wideman           Dan Boyle                                         40     1   2  2  
 2 Ladislav Smid            Wade Redden                                       30     1   2  2  
 3 Jiri Fischer             Matt Carle                                        20     1   2  2  
 4 Brandon Burlon           Dennis Wideman                                    10     1   2  2  

PowerPlay Forward 
   Center                   Left Wing                Right Wing               Time % Phy DF OF 
 1 Marc Savard              Patrick Sharp            Devin Setoguchi          60     1   2  2  
 2 Dustin Boyd              Greg Stewart             Jonas Hoglund            40     1   2  2  

PowerPlay Defense
   Defense                  Defense                                           Time % Phy DF OF 
 1 Dennis Wideman           Dan Boyle                                         60     1   2  2  
 2 Ladislav Smid            Wade Redden                                       40     1   2  2  

Penalty Kill 4 Players Forward 
   Center                   Wing                     Time % Phy DF OF 
 1 Patrick Sharp            Marc Savard              60     1   2  2  
 2 Greg Stewart             Devin Setoguchi          40     1   2  2  

Penalty Kill 4 Players Defense
   Defense                  Defense                  Time % Phy DF OF 
 1 Dennis Wideman           Dan Boyle                60     1   2  2  
 2 Ladislav Smid            Wade Redden              40     1   2  2  

Penalty Kill - 3 Players Forward 
   Forward                                           Time % Phy DF OF 
 1 Patrick Sharp                                     60     1   2  2  
 2 Marc Savard                                       40     1   2  2  

Penalty Kill - 3 Players Defense
   Defense                  Defense                  Time % Phy DF OF 
 1 Dennis Wideman           Dan Boyle                60     1   2  2  
 2 Ladislav Smid            Wade Redden              40     1   2  2  

4 vs 4 Forward 
   Center                   Wing                     Time % Phy DF OF 
 1 Patrick Sharp            Marc Savard              60     1   2  2  
 2 Greg Stewart             Devin Setoguchi          40     1   2  2  

4 vs 4 Defense
   Defense                  Defense                  Time % Phy DF OF 
 1 Dennis Wideman           Dan Boyle                60     1   2  2  
 2 Ladislav Smid            Wade Redden              40     1   2  2  

Last Minutes Offensive
   Center                   Left Wing                Right Wing               Defense                  Defense                  
   Marc Savard              Patrick Sharp            Devin Setoguchi          Dennis Wideman           Dan Boyle                

Last Minutes Defensive
   Center                   Left Wing                Right Wing               Defense                  Defense                  
   Marc Savard              Patrick Sharp            Devin Setoguchi          Dennis Wideman           Dan Boyle                

Goaltenders
Starting : Jonathan Bernier         
Backup : Tobias Stephan           

Extra Forwards
Normal : Andrei Loktionov, Brett Maclean, Evgeny Dadonov - PP : Andrei Loktionov, Brett Maclean - PK : Evgeny Dadonov
Extra Defensemen
Normal : Jiri Fischer, Matt Carle, Brandon Burlon - PP : Jiri Fischer - PK : Matt Carle, Brandon Burlon
Penalty Shots
Patrick Sharp, Marc Savard, Greg Stewart, Devin Setoguchi, Dustin Boyd

% Time on Ice - Penguins

Lines # - Real PCT - Wanted PCT - Time Play
Normal Forward
1 - 35% - 40% - 16:24
2 - 28% - 30% - 13:18
3 - 23% - 20% - 10:54
4 - 14% - 10% - 6:47
Normal Defense
1 - 43% - 45% - 20:09
2 - 30% - 33% - 14:20
3 - 27% - 22% - 12:54
4 - 0% - 0% - 0:00
PP Forward
1 - 59% - 60% - 3:56
2 - 41% - 40% - 2:44
PP Defense
1 - 67% - 60% - 4:28
2 - 33% - 40% - 2:12
PK Forward
1 - 71% - 60% - 4:13
2 - 29% - 40% - 1:44
PK Defense
1 - 55% - 60% - 3:16
2 - 45% - 40% - 2:41
PK3 Forward
1 - 0% - 60%
2 - 0% - 40%
PK3 Defense
1 - 0% - 60%
2 - 0% - 40%
44 Forward
1 - 0% - 60%
2 - 0% - 40%
44 Defense
1 - 0% - 60%
2 - 0% - 40%
Last Minute Offensive  - 0:00
Last Minute Defensive  - 0:00
Total
Forward - 60:00
Defense - 60:00

% Time on Ice - Canadiens

Lines # - Real PCT - Wanted PCT - Time Play
Normal Forward
1 - 30% - 40% - 14:05
2 - 31% - 30% - 14:33
3 - 27% - 20% - 12:50
4 - 12% - 10% - 5:55
Normal Defense
1 - 42% - 40% - 19:59
2 - 34% - 30% - 15:58
3 - 20% - 20% - 9:24
4 - 4% - 10% - 2:02
PP Forward
1 - 55% - 60% - 3:17
2 - 45% - 40% - 2:40
PP Defense
1 - 53% - 60% - 3:08
2 - 47% - 40% - 2:49
PK Forward
1 - 80% - 60% - 5:21
2 - 20% - 40% - 1:19
PK Defense
1 - 64% - 60% - 4:16
2 - 36% - 40% - 2:24
PK3 Forward
1 - 0% - 60%
2 - 0% - 40%
PK3 Defense
1 - 0% - 60%
2 - 0% - 40%
44 Forward
1 - 0% - 60%
2 - 0% - 40%
44 Defense
1 - 0% - 60%
2 - 0% - 40%
Last Minute Offensive  - 0:00
Last Minute Defensive  - 0:00
Total
Forward - 60:00
Defense - 60:00

Play by Play

1st period


0:01 of 1st period - Steven Stamkos wins face-off versus Marc Savard in neutral zone.
0:03 of 1st period - Off-side.
0:04 of 1st period - Steven Stamkos wins face-off versus Devin Setoguchi in neutral zone.
1:00 of 1st period - Snap shot by Dion Phaneuf.
1:00 of 1st period - Shot Misses the Net.
1:06 of 1st period - Wrist shot by Sam Gagner.
1:06 of 1st period - Shot Blocked by Jiri Tlusty.
1:24 of 1st period - Slapshot by Martin Hanzal.
1:24 of 1st period - Deflect By Patrick Sharp.
1:24 of 1st period - Stopped by Brian Elliott with a rebound.
2:16 of 1st period - Minor Penalty to Nikita Alexeev for Tripping.
2:17 of 1st period - Marc Savard wins face-off versus Brayden Schenn in Penguins zone.
2:40 of 1st period - Greg Stewart is hit by Josef Vasicek and loses puck.
3:20 of 1st period - Nathan Horton is hit by Dustin Boyd and loses puck.
3:55 of 1st period - Marc Savard is hit by Sean Zimmerman and loses puck.
4:16 of 1st period - Penalty to Nikita Alexeev is over, Nikita Alexeev is back on ice.
4:23 of 1st period - Off-side.
4:24 of 1st period - Steven Stamkos wins face-off versus Andrei Loktionov in neutral zone.
4:27 of 1st period - Andrei Loktionov is hit by Steven Stamkos and loses puck.
4:50 of 1st period - Josef Vasicek is hit by Matt Carle and loses puck.
5:22 of 1st period - Snap shot by Nikita Alexeev.
5:22 of 1st period - Stopped by Jonathan Bernier with a rebound.
5:26 of 1st period - Snap shot by Steve Sullivan.
5:26 of 1st period - Shot Misses the Net.
5:36 of 1st period - Ladislav Smid is hit by Steven Stamkos and loses puck.
6:05 of 1st period - Duncan Keith is hit by Brett Maclean and loses puck.
6:14 of 1st period - Wrist shot by Jiri Tlusty.
6:14 of 1st period - Shot Misses the Net.
6:32 of 1st period - Luke Schenn is hit by Brett Maclean and loses puck.
7:30 of 1st period - Slapshot by Duncan Keith.
7:30 of 1st period - Stopped by Jonathan Bernier without a rebound.
7:31 of 1st period - Marc Savard wins face-off versus Steven Stamkos in Canadiens zone.
7:43 of 1st period - Off-side.
7:44 of 1st period - Marc Savard wins face-off versus Steven Stamkos in neutral zone.
7:55 of 1st period - Snap shot by Steven Stamkos.
7:55 of 1st period - Shot Blocked by Marc Savard.
8:55 of 1st period - Wrist shot by Greg Stewart.
8:55 of 1st period - Shot Misses the Net.
9:43 of 1st period - Slapshot by Greg Stewart.
9:43 of 1st period - Shot Blocked by Derek Joslin.
9:45 of 1st period - Slapshot by Ladislav Smid.
9:45 of 1st period - Shot Misses the Net.
9:55 of 1st period - Wrist shot by Dustin Boyd.
9:55 of 1st period - Shot Blocked by Derek Joslin.
9:57 of 1st period - Slapshot by Wade Redden.
9:57 of 1st period - Shot Misses the Net.
9:59 of 1st period - Slapshot by Greg Stewart.
9:59 of 1st period - Shot Misses the Net.
10:15 of 1st period - Derek Joslin is hit by Greg Stewart.
10:25 of 1st period - Slapshot by Greg Stewart.
10:25 of 1st period - Goal by Greg Stewart - Penguins : 0 - Canadiens : 1.
10:26 of 1st period - Steven Stamkos wins face-off versus Marc Savard in neutral zone.
10:52 of 1st period - Dion Phaneuf is hit by Dan Boyle.
10:56 of 1st period - Patrick Sharp is hit by Luke Schenn and loses puck.
11:29 of 1st period - Steven Stamkos is hit by Patrick Sharp and loses puck.
11:45 of 1st period - Sean Zimmerman is hit by Evgeny Dadonov and loses puck.
12:09 of 1st period - Off-side.
12:10 of 1st period - Marc Savard wins face-off versus Sam Gagner in neutral zone.
12:13 of 1st period - Slapshot by Dan Boyle.
12:13 of 1st period - Stopped by Brian Elliott with a rebound.
12:29 of 1st period - Duncan Keith is hit by Dennis Wideman and loses puck.
12:48 of 1st period - Patrick Sharp is hit by Max Pacioretty and loses puck.
13:01 of 1st period - Matt Carle is hit by Simon Gagné and loses puck.
13:40 of 1st period - Jiri Tlusty is hit by Sam Gagner and loses puck.
14:04 of 1st period - Dennis Wideman is hit by Bobby Ryan and loses puck.
15:37 of 1st period - Minor Penalty to Nikita Alexeev for Slashing.
15:38 of 1st period - Marc Savard wins face-off versus Brayden Schenn in Penguins zone.
15:39 of 1st period - Wrist shot by Patrick Sharp.
15:39 of 1st period - Stopped by Brian Elliott without a rebound.
15:40 of 1st period - Marc Savard wins face-off versus Brayden Schenn in Penguins zone.
16:05 of 1st period - Luke Schenn is hit by Wade Redden.
17:29 of 1st period - Slapshot by Dustin Penner.
17:29 of 1st period - Goal by Dustin Penner - Penguins : 1 - Canadiens : 1.
17:30 of 1st period - Brayden Schenn wins face-off versus Dustin Boyd in neutral zone.
17:37 of 1st period - Penalty to Nikita Alexeev is over, Nikita Alexeev is back on ice.
17:55 of 1st period - Brayden Schenn is hit by Evgeny Dadonov and loses puck.
18:26 of 1st period - Snap shot by Bobby Ryan.
18:26 of 1st period - Stopped by Jonathan Bernier with a rebound.
18:28 of 1st period - Slapshot by Sean Zimmerman.
18:28 of 1st period - Shot Misses the Net.
18:48 of 1st period - Snap shot by Dustin Penner.
18:48 of 1st period - Stopped by Jonathan Bernier without a rebound.
18:49 of 1st period - Steven Stamkos wins face-off versus Marc Savard in Canadiens zone.
19:28 of 1st period - Dustin Penner is hit by Jonas Hoglund and loses puck.
19:41 of 1st period - Wrist shot by Nathan Horton.
19:41 of 1st period - Shot Misses the Net.
Goals for this period are 1 for Penguins vs 1 for Canadiens.
Shots for this period are 5 for Penguins vs 4 for Canadiens.

2nd period


0:01 of 2nd period - Steven Stamkos wins face-off versus Marc Savard in neutral zone.
0:26 of 2nd period - Greg Stewart is hit by Sam Gagner and loses puck.
0:35 of 2nd period - Wrist shot by Greg Stewart.
0:35 of 2nd period - Stopped by Brian Elliott without a rebound.
0:36 of 2nd period - Steven Stamkos wins face-off versus Marc Savard in Penguins zone.
0:36 of 2nd period - Steven Stamkos is hit by Marc Savard.
0:44 of 2nd period - Wrist shot by Patrick Sharp.
0:44 of 2nd period - Deflect By Bobby Ryan.
0:44 of 2nd period - Shot Misses the Net.
0:44 of 2nd period - Puck is out of play.
0:45 of 2nd period - Marc Savard wins face-off versus Steven Stamkos in Penguins zone.
1:00 of 2nd period - Wrist shot by Marc Savard.
1:00 of 2nd period - Stopped by Brian Elliott without a rebound.
1:01 of 2nd period - Patrick Sharp wins face-off versus Sam Gagner in Penguins zone.
1:28 of 2nd period - Icing by Dion Phaneuf.
1:29 of 2nd period - Steven Stamkos wins face-off versus Dustin Boyd in Penguins zone.
1:33 of 2nd period - Off-side.
1:34 of 2nd period - Bobby Ryan wins face-off versus Marc Savard in neutral zone.
1:39 of 2nd period - Wrist shot by Steven Stamkos.
1:39 of 2nd period - Stopped by Jonathan Bernier without a rebound.
1:40 of 2nd period - Marc Savard wins face-off versus Steven Stamkos in Canadiens zone.
1:40 of 2nd period - Marc Savard is hit by Sean Zimmerman.
2:09 of 2nd period - Wrist shot by Devin Setoguchi.
2:09 of 2nd period - Shot Blocked by Max Pacioretty.
2:21 of 2nd period - Snap shot by Steven Stamkos.
2:21 of 2nd period - Deflect By Bobby Ryan.
2:21 of 2nd period - Stopped by Jonathan Bernier without a rebound.
2:22 of 2nd period - Dustin Boyd wins face-off versus Sam Gagner in Canadiens zone.
2:49 of 2nd period - Duncan Keith is hit by Andrei Loktionov and loses puck.
2:58 of 2nd period - Snap shot by Andrei Loktionov.
2:58 of 2nd period - Stopped by Brian Elliott with a rebound.
4:00 of 2nd period - Minor Penalty to Ladislav Smid for Interference.
4:01 of 2nd period - Steven Stamkos wins face-off versus Patrick Sharp in Canadiens zone.
4:13 of 2nd period - Wrist shot by Steven Stamkos.
4:13 of 2nd period - Stopped by Jonathan Bernier without a rebound.
4:14 of 2nd period - Steven Stamkos wins face-off versus Patrick Sharp in Canadiens zone.
4:18 of 2nd period - Wrist shot by Max Pacioretty.
4:18 of 2nd period - Shot Misses the Net.
4:20 of 2nd period - Wrist shot by Steven Stamkos.
4:20 of 2nd period - Goal by Steven Stamkos - Penguins : 2 - Canadiens : 1.
4:21 of 2nd period - Steven Stamkos wins face-off versus Marc Savard in neutral zone.
4:30 of 2nd period - Snap shot by Max Pacioretty.
4:30 of 2nd period - Stopped by Jonathan Bernier without a rebound.
4:31 of 2nd period - Marc Savard wins face-off versus Steven Stamkos in Canadiens zone.
4:42 of 2nd period - Slapshot by Sean Zimmerman.
4:42 of 2nd period - Shot Misses the Net.
4:44 of 2nd period - Snap shot by Steven Stamkos.
4:44 of 2nd period - Goal by Steven Stamkos - Penguins : 3 - Canadiens : 1.
4:45 of 2nd period - Marc Savard wins face-off versus Bobby Ryan in neutral zone.
4:56 of 2nd period - Slapshot by Devin Setoguchi.
4:56 of 2nd period - Stopped by Brian Elliott with a rebound.
4:58 of 2nd period - Snap shot by Dennis Wideman.
4:58 of 2nd period - Shot Blocked by Dion Phaneuf.
5:21 of 2nd period - Snap shot by Dustin Boyd.
5:21 of 2nd period - Goal by Dustin Boyd - Penguins : 3 - Canadiens : 2.
5:22 of 2nd period - Steven Stamkos wins face-off versus Marc Savard in neutral zone.
5:35 of 2nd period - Snap shot by Bobby Ryan.
5:35 of 2nd period - Shot Misses the Net.
5:37 of 2nd period - Snap shot by Sean Zimmerman.
5:37 of 2nd period - Stopped by Jonathan Bernier with a rebound.
5:39 of 2nd period - Wrist shot by Sean Zimmerman.
5:39 of 2nd period - Stopped by Jonathan Bernier without a rebound.
5:40 of 2nd period - Dustin Boyd wins face-off versus Sam Gagner in Canadiens zone.
5:51 of 2nd period - Snap shot by Sam Gagner.
5:51 of 2nd period - Stopped by Jonathan Bernier with a rebound.
5:53 of 2nd period - Wrist shot by Simon Gagné.
5:53 of 2nd period - Shot Blocked by Dennis Wideman.
5:55 of 2nd period - Snap shot by Sam Gagner.
5:55 of 2nd period - Stopped by Jonathan Bernier with a rebound.
6:01 of 2nd period - Minor Penalty to Dan Boyle for Interference.
6:02 of 2nd period - Patrick Sharp wins face-off versus Steven Stamkos in Canadiens zone.
6:02 of 2nd period - Patrick Sharp is hit by Bobby Ryan.
6:50 of 2nd period - Wade Redden is hit by Sam Gagner and loses puck.
8:01 of 2nd period - Penalty to Dan Boyle is over, Dan Boyle is back on ice.
8:10 of 2nd period - Snap shot by Brett Maclean.
8:10 of 2nd period - Stopped by Brian Elliott with a rebound.
9:42 of 2nd period - Paul Ranger is hit by Jiri Tlusty and loses puck.
10:16 of 2nd period - Icing by Dan Boyle.
10:17 of 2nd period - Sam Gagner wins face-off versus Andrei Loktionov in Canadiens zone.
11:11 of 2nd period - Snap shot by Josef Vasicek.
11:11 of 2nd period - Shot Misses the Net.
11:24 of 2nd period - Off-side.
11:25 of 2nd period - Brayden Schenn wins face-off versus Martin Hanzal in neutral zone.
11:52 of 2nd period - Brett Maclean is hit by Luke Schenn and loses puck.
12:37 of 2nd period - Snap shot by Devin Setoguchi.
12:37 of 2nd period - Shot Misses the Net.
12:39 of 2nd period - Slapshot by Devin Setoguchi.
12:39 of 2nd period - Deflect By Patrick Sharp.
12:39 of 2nd period - Shot Misses the Net.
12:39 of 2nd period - Puck is out of play.
12:40 of 2nd period - Marc Savard wins face-off versus Steven Stamkos in Penguins zone.
12:41 of 2nd period - Wrist shot by Patrick Sharp.
12:41 of 2nd period - Stopped by Brian Elliott with a rebound.
12:55 of 2nd period - Snap shot by Steven Stamkos.
12:55 of 2nd period - Deflect By Bobby Ryan.
12:55 of 2nd period - Shot Blocked by Devin Setoguchi.
12:55 of 2nd period - Puck is out of play.
12:56 of 2nd period - Dustin Boyd wins face-off versus Sam Gagner in Canadiens zone.
12:56 of 2nd period - Dustin Boyd is hit by Dion Phaneuf.
13:10 of 2nd period - Slapshot by Sam Gagner.
13:10 of 2nd period - Shot Misses the Net.
13:12 of 2nd period - Snap shot by Simon Gagné.
13:12 of 2nd period - Stopped by Jonathan Bernier with a rebound.
13:45 of 2nd period - Dustin Penner is hit by Andrei Loktionov and loses puck.
14:08 of 2nd period - Icing by Wade Redden.
14:09 of 2nd period - Dustin Boyd wins face-off versus Sam Gagner in Canadiens zone.
14:28 of 2nd period - Paul Ranger is hit by Jonas Hoglund and loses puck.
14:35 of 2nd period - Backhand shot by Dustin Boyd.
14:35 of 2nd period - Stopped by Brian Elliott with a rebound.
14:37 of 2nd period - Slapshot by Wade Redden.
14:37 of 2nd period - Stopped by Brian Elliott with a rebound.
14:39 of 2nd period - Slapshot by Dustin Boyd.
14:39 of 2nd period - Shot Misses the Net.
14:41 of 2nd period - Snap shot by Dustin Boyd.
14:41 of 2nd period - Shot Misses the Net.
15:15 of 2nd period - Snap shot by Dustin Boyd.
15:15 of 2nd period - Stopped by Brian Elliott without a rebound.
15:16 of 2nd period - Max Pacioretty wins face-off versus Marc Savard in Penguins zone.
15:28 of 2nd period - Wrist shot by Marc Savard.
15:28 of 2nd period - Stopped by Brian Elliott with a rebound.
15:42 of 2nd period - Dion Phaneuf is hit by Brett Maclean and loses puck.
16:16 of 2nd period - Wrist shot by Brayden Schenn.
16:16 of 2nd period - Shot Misses the Net.
16:32 of 2nd period - Andrei Loktionov is hit by Luke Schenn and loses puck.
17:05 of 2nd period - Icing by Sean Zimmerman.
17:06 of 2nd period - Max Pacioretty wins face-off versus Marc Savard in Penguins zone.
17:27 of 2nd period - Wade Redden is hit by Duncan Keith and loses puck.
17:34 of 2nd period - Slapshot by Bobby Ryan.
17:34 of 2nd period - Shot Misses the Net.
17:36 of 2nd period - Snap shot by Max Pacioretty.
17:36 of 2nd period - Stopped by Jonathan Bernier without a rebound.
17:37 of 2nd period - Steven Stamkos wins face-off versus Marc Savard in Canadiens zone.
18:11 of 2nd period - Minor Penalty to Dustin Boyd for Tripping.
18:12 of 2nd period - Max Pacioretty wins face-off versus Patrick Sharp in Canadiens zone.
19:01 of 2nd period - Ladislav Smid is hit by Max Pacioretty and loses puck.
19:16 of 2nd period - Snap shot by Sam Gagner.
19:16 of 2nd period - Stopped by Jonathan Bernier with a rebound.
Goals for this period are 2 for Penguins vs 1 for Canadiens.
Shots for this period are 13 for Penguins vs 11 for Canadiens.

3rd period


0:01 of 3rd period - Marc Savard wins face-off versus Steven Stamkos in neutral zone.
0:11 of 3rd period - Penalty to Dustin Boyd is over, Dustin Boyd is back on ice.
0:27 of 3rd period - Andrei Loktionov is hit by Sam Gagner and loses puck.
0:36 of 3rd period - Luke Schenn is hit by Andrei Loktionov and loses puck.
1:02 of 3rd period - Icing by Andrei Loktionov.
1:03 of 3rd period - Max Pacioretty wins face-off versus Andrei Loktionov in Canadiens zone.
1:06 of 3rd period - Snap shot by Steven Stamkos.
1:06 of 3rd period - Stopped by Jonathan Bernier without a rebound.
1:07 of 3rd period - Marc Savard wins face-off versus Steven Stamkos in Canadiens zone.
1:14 of 3rd period - Snap shot by Matt Carle.
1:14 of 3rd period - Shot Misses the Net.
2:49 of 3rd period - Snap shot by Evgeny Dadonov.
2:49 of 3rd period - Deflect By Patrick Sharp.
2:49 of 3rd period - Stopped by Brian Elliott without a rebound.
2:50 of 3rd period - Martin Hanzal wins face-off versus Sam Gagner in Penguins zone.
2:51 of 3rd period - Snap shot by Evgeny Dadonov.
2:51 of 3rd period - Shot Hit the Post.
2:53 of 3rd period - Snap shot by Martin Hanzal.
2:53 of 3rd period - Stopped by Brian Elliott with a rebound.
2:55 of 3rd period - Snap shot by Patrick Sharp.
2:55 of 3rd period - Stopped by Brian Elliott with a rebound.
2:57 of 3rd period - Slapshot by Jiri Fischer.
2:57 of 3rd period - Stopped by Brian Elliott without a rebound.
2:58 of 3rd period - Marc Savard wins face-off versus Steven Stamkos in Penguins zone.
3:07 of 3rd period - Wrist shot by Steven Stamkos.
3:07 of 3rd period - Shot Blocked by Devin Setoguchi.
3:09 of 3rd period - Snap shot by Max Pacioretty.
3:09 of 3rd period - Stopped by Jonathan Bernier with a rebound.
3:11 of 3rd period - Backhand shot by Dion Phaneuf.
3:11 of 3rd period - Shot Misses the Net.
3:13 of 3rd period - Wrist shot by Max Pacioretty.
3:13 of 3rd period - Stopped by Jonathan Bernier without a rebound.
3:14 of 3rd period - Dustin Boyd wins face-off versus Sam Gagner in Canadiens zone.
3:47 of 3rd period - Snap shot by Steven Stamkos.
3:47 of 3rd period - Stopped by Jonathan Bernier with a rebound.
3:49 of 3rd period - Snap shot by Bobby Ryan.
3:49 of 3rd period - Shot Blocked by Devin Setoguchi.
3:51 of 3rd period - Snap shot by Steven Stamkos.
3:51 of 3rd period - Stopped by Jonathan Bernier without a rebound.
3:52 of 3rd period - Dustin Boyd wins face-off versus Josef Vasicek in Canadiens zone.
4:05 of 3rd period - Wrist shot by Dustin Boyd.
4:05 of 3rd period - Stopped by Brian Elliott without a rebound.
4:06 of 3rd period - Marc Savard wins face-off versus Steven Stamkos in Penguins zone.
4:09 of 3rd period - Snap shot by Patrick Sharp.
4:09 of 3rd period - Stopped by Brian Elliott with a rebound.
5:01 of 3rd period - Wrist shot by Luke Schenn.
5:01 of 3rd period - Stopped by Jonathan Bernier with a rebound.
5:14 of 3rd period - Off-side.
5:15 of 3rd period - Martin Hanzal wins face-off versus Brayden Schenn in neutral zone.
5:30 of 3rd period - Snap shot by Evgeny Dadonov.
5:30 of 3rd period - Stopped by Brian Elliott with a rebound.
5:44 of 3rd period - Wrist shot by Evgeny Dadonov.
5:44 of 3rd period - Stopped by Brian Elliott with a rebound.
5:46 of 3rd period - Snap shot by Patrick Sharp.
5:46 of 3rd period - Shot Misses the Net.
5:48 of 3rd period - Wrist shot by Martin Hanzal.
5:48 of 3rd period - Stopped by Brian Elliott with a rebound.
5:50 of 3rd period - Snap shot by Matt Carle.
5:50 of 3rd period - Stopped by Brian Elliott with a rebound.
5:52 of 3rd period - Wrist shot by Martin Hanzal.
5:52 of 3rd period - Shot Misses the Net.
5:54 of 3rd period - Backhand shot by Matt Carle.
5:54 of 3rd period - Deflect By Patrick Sharp.
5:54 of 3rd period - Shot Misses the Net.
5:54 of 3rd period - Puck is out of play.
5:55 of 3rd period - Dustin Boyd wins face-off versus Steven Stamkos in Penguins zone.
6:26 of 3rd period - Slapshot by Jiri Tlusty.
6:26 of 3rd period - Stopped by Brian Elliott with a rebound.
6:42 of 3rd period - Wrist shot by Dustin Penner.
6:42 of 3rd period - Deflect By Jiri Fischer.
6:42 of 3rd period - Stopped by Jonathan Bernier with a rebound.
7:18 of 3rd period - Minor Penalty to Dan Boyle for High sticking.
7:19 of 3rd period - Patrick Sharp wins face-off versus Steven Stamkos in Canadiens zone.
8:08 of 3rd period - Devin Setoguchi is hit by Max Pacioretty.
9:17 of 3rd period - Snap shot by Steven Stamkos.
9:17 of 3rd period - Shot Misses the Net.
9:18 of 3rd period - Penalty to Dan Boyle is over, Dan Boyle is back on ice.
9:35 of 3rd period - Slapshot by Josef Vasicek.
9:35 of 3rd period - Shot Blocked by Jiri Fischer.
9:45 of 3rd period - Andrei Loktionov is hit by Brayden Schenn and loses puck.
9:50 of 3rd period - Wrist shot by Nikita Alexeev.
9:50 of 3rd period - Shot Misses the Net.
11:10 of 3rd period - Minor Penalty to Paul Ranger for Boarding.
11:11 of 3rd period - Brayden Schenn wins face-off versus Marc Savard in Penguins zone.
11:46 of 3rd period - Snap shot by Dustin Boyd.
11:46 of 3rd period - Stopped by Brian Elliott with a rebound.
13:10 of 3rd period - Penalty to Paul Ranger is over, Paul Ranger is back on ice.
13:24 of 3rd period - Slapshot by Luke Schenn.
13:24 of 3rd period - Stopped by Jonathan Bernier with a rebound.
13:30 of 3rd period - Wrist shot by Jiri Tlusty.
13:30 of 3rd period - Stopped by Brian Elliott without a rebound.
13:31 of 3rd period - Steven Stamkos wins face-off versus Andrei Loktionov in Penguins zone.
13:31 of 3rd period - Steven Stamkos is hit by Brett Maclean.
13:58 of 3rd period - Dion Phaneuf is hit by Jonas Hoglund and loses puck.
14:17 of 3rd period - Slapshot by Evgeny Dadonov.
14:17 of 3rd period - Goal by Evgeny Dadonov - Penguins : 3 - Canadiens : 3.
14:18 of 3rd period - Devin Setoguchi wins face-off versus Steven Stamkos in neutral zone.
14:27 of 3rd period - Slapshot by Patrick Sharp.
14:27 of 3rd period - Shot Blocked by Luke Schenn.
14:45 of 3rd period - Sam Gagner is hit by Dan Boyle and loses puck.
15:19 of 3rd period - Luke Schenn is hit by Dustin Boyd and loses puck.
15:34 of 3rd period - Slapshot by Luke Schenn.
15:34 of 3rd period - Stopped by Jonathan Bernier without a rebound.
15:35 of 3rd period - Marc Savard wins face-off versus Steven Stamkos in Canadiens zone.
15:40 of 3rd period - Snap shot by Jiri Fischer.
15:40 of 3rd period - Deflect By Steven Stamkos.
15:40 of 3rd period - Stopped by Brian Elliott without a rebound.
15:41 of 3rd period - Marc Savard wins face-off versus Steven Stamkos in Penguins zone.
15:50 of 3rd period - Wrist shot by Patrick Sharp.
15:50 of 3rd period - Shot Misses the Net.
15:52 of 3rd period - Slapshot by Dan Boyle.
15:52 of 3rd period - Deflect By Marc Savard.
15:52 of 3rd period - Stopped by Brian Elliott with a rebound.
15:54 of 3rd period - Wrist shot by Marc Savard.
15:54 of 3rd period - Shot Blocked by Bobby Ryan.
15:56 of 3rd period - Snap shot by Patrick Sharp.
15:56 of 3rd period - Shot Misses the Net.
16:56 of 3rd period - Slapshot by Marc Savard.
16:56 of 3rd period - Shot Misses the Net.
16:58 of 3rd period - Slapshot by Marc Savard.
16:58 of 3rd period - Shot Blocked by Derek Joslin.
17:00 of 3rd period - Snap shot by Marc Savard.
17:00 of 3rd period - Shot Misses the Net.
17:18 of 3rd period - Snap shot by Steve Sullivan.
17:18 of 3rd period - Shot Misses the Net.
17:20 of 3rd period - Wrist shot by Brayden Schenn.
17:20 of 3rd period - Goal by Brayden Schenn - Penguins : 4 - Canadiens : 3.
17:21 of 3rd period - Martin Hanzal wins face-off versus Josef Vasicek in neutral zone.
17:23 of 3rd period - Minor Penalty to Dan Boyle for Diving.
17:24 of 3rd period - Steven Stamkos wins face-off versus Patrick Sharp in Canadiens zone.
17:26 of 3rd period - Snap shot by Steven Stamkos.
17:26 of 3rd period - Shot Blocked by Marc Savard.
17:28 of 3rd period - Wrist shot by Steven Stamkos.
17:28 of 3rd period - Stopped by Jonathan Bernier with a rebound.
17:30 of 3rd period - Slapshot by Dion Phaneuf.
17:30 of 3rd period - Shot Misses the Net.
17:32 of 3rd period - Slapshot by Dion Phaneuf.
17:32 of 3rd period - Deflect By Steven Stamkos.
17:32 of 3rd period - Shot Blocked by Patrick Sharp.
17:32 of 3rd period - Puck is out of play.
17:33 of 3rd period - Patrick Sharp wins face-off versus Steven Stamkos in Canadiens zone.
17:46 of 3rd period - Snap shot by Bobby Ryan.
17:46 of 3rd period - Goal by Bobby Ryan - Penguins : 5 - Canadiens : 3.
17:47 of 3rd period - Martin Hanzal wins face-off versus Josef Vasicek in neutral zone.
17:54 of 3rd period - Slapshot by Dan Boyle.
17:54 of 3rd period - Stopped by Brian Elliott without a rebound.
17:55 of 3rd period - Martin Hanzal wins face-off versus Josef Vasicek in Penguins zone.
17:58 of 3rd period - Snap shot by Evgeny Dadonov.
17:58 of 3rd period - Stopped by Brian Elliott with a rebound.
18:00 of 3rd period - Slapshot by Dennis Wideman.
18:00 of 3rd period - Shot Misses the Net.
18:02 of 3rd period - Snap shot by Evgeny Dadonov.
18:02 of 3rd period - Shot Blocked by Josef Vasicek.
18:04 of 3rd period - Wrist shot by Patrick Sharp.
18:04 of 3rd period - Stopped by Brian Elliott with a rebound.
18:18 of 3rd period - Snap shot by Martin Hanzal.
18:18 of 3rd period - Shot Misses the Net.
18:20 of 3rd period - Snap shot by Martin Hanzal.
18:20 of 3rd period - Shot Misses the Net.
18:26 of 3rd period - Snap shot by Patrick Sharp.
18:26 of 3rd period - Stopped by Brian Elliott without a rebound.
18:27 of 3rd period - Dustin Boyd wins face-off versus Steven Stamkos in Penguins zone.
18:28 of 3rd period - Snap shot by Greg Stewart.
18:28 of 3rd period - Stopped by Brian Elliott with a rebound.
18:38 of 3rd period - Slapshot by Luke Schenn.
18:38 of 3rd period - Stopped by Jonathan Bernier with a rebound.
18:40 of 3rd period - Wrist shot by Max Pacioretty.
18:40 of 3rd period - Goal by Max Pacioretty - Penguins : 6 - Canadiens : 3.
18:41 of 3rd period - Steven Stamkos wins face-off versus Marc Savard in neutral zone.
Goals for this period are 3 for Penguins vs 1 for Canadiens.
Shots for this period are 14 for Penguins vs 21 for Canadiens.